 Dungeon Crawl Stone Soup version 0.27.1-4-g1640c2035a (webtiles) character file.

Game seed: 10284553326853269796

10384 BinkBink the Thaumaturge (level 11, -3/47 HPs)
             Began as a Spriggan Venom Mage on Nov 2, 2021.
             Was a Priest of Dithmenos.
             Killed by divine providence
             ... invoked by an orc priest
              (13 damage)
             ... on level 1 of the Orcish Mines on Nov 3, 2021.
             The game lasted 01:39:10 (17961 turns).

BinkBink the Thaumaturge (Spriggan Venom Mage)     Turns: 17961, Time: 01:39:10

Health: -3/47      AC:  0    Str:  4    XL:     11   Next: 35%
Magic:  25/27      EV: 24    Int: 20    God:    Dithmenos [***...]
Gold:   539        SH:  0    Dex: 22    Spells: 14/33 levels left

rFire    + . .     SeeInvis +   m - staff of poison
rCold    . . .     Faith    .   (shield currently unavailable)
rNeg     . . .     Spirit   .   p - +2 robe {rF+}
rPois    +         Reflect  .   (helmet restricted)
rElec    .         Harm     .   (no cloak)
rCorr    .         Rampage  .   (gloves unavailable)
Will     +....                  (boots unavailable)
Stlth    ++++......             z - amulet of regeneration
HPRegen  1.15/turn              a - +6 ring of dexterity
MPRegen  0.20/turn              w - +4 ring of evasion

@: corroded, wreathed by umbra, very quick
A: very small, no large weapons, unfitting armour, see invisible, speed 3
a: Renounce Religion, Shadow Step


You were on level 1 of the Orcish Mines.
You worshipped Dithmenos.
Dithmenos was most pleased with you.
You visited 3 branches of the dungeon, and saw 11 of its levels.

You collected 695 gold pieces.
You spent 156 gold pieces at shops.

Inventory:

Missiles
 B - 4 throwing nets
Armour
 p - a +2 robe of fire resistance (worn)
 y - +0 steam dragon scales
Magical Staves
 m - a staff of poison (weapon)
Jewellery
 a - a +6 ring of dexterity (left hand)
 w - a +4 ring of evasion (right hand)
 z - an amulet of regeneration (around neck)
Wands
 j - a wand of paralysis (10)
 t - a wand of digging (3)
 v - a wand of polymorph (13)
 A - a wand of acid (5)
Scrolls
 d - a scroll of torment
 e - 4 scrolls of amnesia
 f - a scroll of acquirement {unknown}
 g - a scroll of fog {unknown}
 l - 7 scrolls of teleportation
 o - 4 scrolls of noise
 s - a scroll of enchant weapon {unknown}
 u - a scroll of brand weapon {unknown}
 x - 2 scrolls of magic mapping {unknown}
Potions
 b - 2 potions of might
 c - a potion of heal wounds
 h - 2 potions of resistance
 i - 2 potions of flight {unknown}
 k - a potion of curing {unknown}
 n - 2 potions of brilliance
 q - a potion of attraction {unknown}
 r - a potion of lignification {unknown}


   Skills:
 + Level 0.1 Fighting
 * Level 5.0 Dodging
 * Level 5.2 Stealth
 + Level 0.1 Unarmed Combat
 + Level 11.9 Spellcasting
 * Level 5.1 Translocations
 * Level 9.3 Transmutations
 + Level 7.0 Air Magic
 + Level 9.4 Poison Magic
 * Level 2.6 Evocations


You had 14 spell levels left.
You knew the following spells:

 Your Spells              Type           Power      Damage    Failure   Level
a - Sting                 Tmut/Pois      100%       1d8       1%          1
b - Poisonous Vapours     Pois/Air       100%       N/A       1%          2
c - Ozocubu's Refrigerat  Ice            5%         4d6       100%        7
d - Olgreb's Toxic Radia  Pois           65%        N/A       1%          4
e - Blink                 Tloc           N/A        N/A       1%          2
f - Stone Arrow           Conj/Erth      22%        3d8       17%         3

Your spell library contained the following spells:

 Spells                   Type           Power      Damage    Failure   Level
 Corpse Rot               Necr/Air       N/A        N/A       1%          2
 Mephitic Cloud           Conj/Pois/Air  50%        N/A       1%          3
 Dazzling Flash           Conj/Hex       22%        N/A       17%         3
 Ozocubu's Armour         Ice            11%        N/A       17%         3
 Manifold Assault         Tloc           32%        N/A       19%         5
 Iskenderun's Mystic Bla  Conj/Tloc      22%        2d6       21%         4
 Animate Armour           Summ/Erth      22%        N/A       50%         4
 Freezing Cloud           Conj/Ice/Air   10%        6-21      52%         5
 Storm Form               Tmut/Air       22%        N/A       86%         7
 Starburst                Conj/Fire      5%         6d4       100%        6
 Lehudib's Crystal Spear  Conj/Erth      5%         10d3      100%        8


Dungeon Overview and Level Annotations

Branches:
Dungeon (9/15)             Temple (1/1) D:6            Lair (0/6) D:8
    Orc (1/2) D:9

Altars:
Ashenzari
Cheibriados
Dithmenos
Elyvilon
Fedhas
Gozag
Hepliaklqana
Kikubaaqudgha
Makhleb
Nemelex Xobeh
Okawaru
Qazlal
Ru
Sif Muna
Trog
Uskayaw
Vehumet
Wu Jian
Xom
Yredelemnul
Zin
The Shining One
Beogh

Shops:
D:1 ?   D:6 (


Innate Abilities, Weirdness & Mutations

You are very small and have problems with some larger weapons.
You are too small for most types of armour.
You have supernaturally acute eyesight. (SInv)
You cover ground extremely quickly. (Speed+++)


Message History

You can't see any susceptible monsters within range! (Use Z to cast anyway.) Unknown command.
Casting: Poisonous Vapours (safe; 1% risk of failure)
Confirm with . or Enter, or press ? or * to list all spells.
Aiming: Sting (safe; 1% risk of failure)
Press: ? - help, Shift-Dir - straight line, f - acid dragon
Aim: an acid dragon (umbra, 78% to hit)
You feel a surge of power!
The sting hits the acid dragon.
The acid dragon partially resists.
The acid dragon is lightly wounded.
Casting: Sting (safe; 1% risk of failure)
Confirm with . or Enter, or press ? or * to list all spells.
Aiming: Sting (safe; 1% risk of failure)
Press: ? - help, Shift-Dir - straight line, f/p - acid dragon
Aim: an acid dragon (lightly wounded, umbra, 78% to hit)
You feel a surge of power!
The sting misses the acid dragon.
The acid dragon completely misses you. The acid dragon claws you.
Casting: Sting (safe; 1% risk of failure)
Confirm with . or Enter, or press ? or * to list all spells.
Okay, then.
The acid dragon misses you. The acid dragon completely misses you.
You climb downwards.
Welcome back to the Orcish Mines!
There is a staircase back to the Dungeon here.
The acid dragon spits acid at you. The splash of acid hits you!
You are splashed with acid!
You hear a shout! x2
An orc wizard comes into view. It is wielding a +0 dagger.
An orc comes into view. It is wielding a +0 club.
The orc shouts!
An orc comes into view. It is wielding a +0 club.
The orc shouts!
The orc wizard points at you and mumbles some strange words.
The puff of flame misses you.
An orc priest comes into view. It is wielding a +0 club.
The acid dragon spits acid at you. The splash of acid hits you!
The acid corrodes you!
You are splashed with acid!
* * * LOW HITPOINT WARNING * * *
The orc priest invokes the aid of Beogh against you.
Beogh smites you!
You die...

###### ###### ###
#..#.####..#.### ###.##
...............###....#
.....[..........#....##
.....................#
.....................#
#...................##
.......>.............## #
......D.........@.....#.##
)....#..........#..#.....##
.........o..W...###......$#
##$....#..o......#........#
#.........o.........#........
##.#..[.[#...........#.......
####.....o#.#................
.#.......................###.
..........#...#...........#


You could see a wraith, an orc priest, an orc wizard and 2 orcs.

Vanquished Creatures
  Harold (Orc:1)
  Erica (D:8)
  A two-headed ogre (D:9)
  Pikel (D:5)
  A manticore (D:6)
  Maurice (D:8)
  Maggie (D:9)
  A hornet (D:9)
  2 trolls
  Grinder (D:3)
  Sigmund (D:3)
  A basilisk (D:8)
  3 steam dragons
  Grum (D:9)
  Duvessa (D:6)
  4 water moccasins
  A black bear (D:5)
  A necrophage (D:5)
  7 orc warriors
  4 ogres
  2 wolves (D:9)
  2 centaurs
  2 lemures (D:5)
  2 kobold brigands (D:7)
  6 bullfrogs
  4 scorpions
  3 gnoll sergeants
  Dowan (D:6)
  A wyvern skeleton (D:7)
  A water moccasin skeleton (D:5)
  13 killer bees
  5 wights (D:6)
  4 electric eels
  A howler monkey (D:5)
  A centaur zombie (D:6)
  A jelly (D:4)
  2 hounds
  8 orc priests
  A gnoll shaman (D:4)
  Ijyb (D:3)
  Terence (D:3)
  3 iguanas
  Natasha (thrice) (D:4)
  8 orc wizards
  2 scorpion zombies (D:4)
  Robin (D:2)
  3 howler monkey zombies
  16 gnolls
  9 adders
  A howler monkey skeleton (D:4)
  2 white imps (D:5)
  An adder zombie (D:4)
  3 worms
  2 dart slugs
  48 orcs
  6 ball pythons
  9 bats
  6 endoplasms
  3 giant cockroaches
  13 goblins
  10 hobgoblins
  11 jackals
  2 quokkas
  6 frilled lizards
  13 kobolds
  3 rats
  A spectral hobgoblin (D:6)
282 creatures vanquished.

Vanquished Creatures (others)
  14 fungi
  13 plants
27 creatures vanquished.

Grand Total: 309 creatures vanquished

Notes
Turn   | Place    | Note
-------+----------+-------------------------------------------
     0 | D:1      | BinkBink the Spriggan Venom Mage began the quest for the
                  | Orb.
     0 | D:1      | Reached XP level 1. HP: 9/9 MP: 5/5
   219 | D:1      | Reached XP level 2. HP: 10/13 MP: 0/6
   358 | D:1      | Found Hioziar's Magic Scroll Shop.
   743 | D:1      | Reached skill level 3 in Spellcasting
   978 | D:1      | Reached XP level 3. HP: 16/16 MP: 4/8
  1495 | D:1      | Bought a scroll of identify for 26 gold pieces
  1718 | D:2      | Found a glowing silver altar of Zin.
  1877 | D:2      | Noticed a scorpion
  1886 | D:2      | Killed a scorpion
  1887 | D:2      | Reached XP level 4. HP: 12/21 MP: 2/10
  2168 | D:2      | Reached XP level 5. HP: 24/24 MP: 2/11
  2338 | D:2      | Noticed Robin
  2353 | D:2      | Reached skill level 4 in Spellcasting
  2507 | D:2      | Killed Robin
  2909 | D:1      | Bought a scroll of identify for 26 gold pieces
  2909 | D:1      | Bought a scroll of identify for 26 gold pieces
  2975 | D:3      | Noticed Terence
  3000 | D:3      | Killed Terence
  3131 | D:3      | Noticed Ijyb
  3232 | D:3      | Noticed Sigmund
  3278 | D:3      | Killed Sigmund
  3279 | D:3      | Reached skill level 5 in Spellcasting
  3279 | D:3      | Reached skill level 5 in Poison Magic
  3279 | D:3      | Reached XP level 6. HP: 25/28 MP: 9/14
  3395 | D:3      | Learned a level 2 spell: Poisonous Vapours
  3650 | D:3      | Found a glowing golden altar of the Shining One.
  3653 | D:3      | Found a broken altar of Ashenzari.
  3656 | D:3      | Found an opulent altar of Gozag.
  3659 | D:3      | Found a bloodstained altar of Trog.
  3817 | D:1      | Bought 2 scrolls of teleportation for 78 gold pieces
  3852 | D:2      | You fall into a shaft and drop 1 floor!
  3889 | D:3      | Killed Ijyb
  4001 | D:3      | Noticed Grinder
  4040 | D:3      | Killed Grinder
  4041 | D:3      | Reached skill level 6 in Spellcasting
  4041 | D:3      | Reached skill level 5 in Transmutations
  4041 | D:3      | Reached skill level 1 in Air Magic
  4041 | D:3      | Reached XP level 7. HP: 32/32 MP: 9/17
  4149 | D:3      | Found a faded altar of an unknown god.
  4508 | D:3      | Learned a level 7 spell: Ozocubu's Refrigeration
  4738 | D:4      | Noticed Natasha
  4761 | D:4      | Killed Natasha
  5094 | D:4      | Noticed Natasha
  5136 | D:4      | Killed Natasha
  5147 | D:4      | Noticed Natasha
  5166 | D:4      | Killed Natasha
  6127 | D:5      | Entered Level 5 of the Dungeon
  6211 | D:5      | Reached skill level 7 in Spellcasting
  6211 | D:5      | Reached XP level 8. HP: 36/36 MP: 11/19
  6219 | D:5      | Noticed a troll
  6928 | D:4      | Found a basalt altar of Yredelemnul.
  7135 | D:5      | Killed a troll
  7377 | D:5      | Noticed Pikel
  7421 | D:5      | Killed Pikel
  7422 | D:5      | Reached skill level 8 in Spellcasting
  7582 | D:5      | Reached XP level 9. HP: 39/39 MP: 18/22
  8851 | D:6      | Found Gucy's Antique Weapon Boutique.
  9018 | D:6      | Reached skill level 9 in Spellcasting
  9184 | D:6      | Noticed Duvessa
  9187 | D:6      | Noticed Dowan
  9217 | D:6      | Killed Duvessa
  9258 | D:6      | Killed Dowan
  9727 | D:6      | Reached skill level 5 in Air Magic
 10256 | D:6      | Noticed a manticore
 10309 | D:6      | Killed a manticore
 10539 | D:6      | Found Tauryrr's Serpentskin Sales.
 10574 | D:6      | Reached skill level 10 in Spellcasting
 10867 | D:6      | Found a staircase to the Ecumenical Temple.
 11163 | D:6      | Found a hazy altar of Hepliaklqana.
 11890 | D:6      | Reached XP level 10. HP: 44/44 MP: 16/25
 12136 | Temple   | Entered the Ecumenical Temple
 12144 | Temple   | Became a worshipper of Dithmenos the Shadowed
 12326 | D:6      | Learned a level 4 spell: Olgreb's Toxic Radiance
 13216 | D:7      | Reached * piety under Dithmenos
 13338 | D:7      | Found a runed translucent door.
 14111 | D:7      | Reached ** piety under Dithmenos
 14229 | D:7      | Learned a level 2 spell: Blink
 14862 | D:8      | Found a shimmering altar of Xom.
 14864 | D:8      | Found a shimmering altar of Xom.
 14864 | D:8      | Found a shimmering altar of Xom.
 14864 | D:8      | Found a shimmering altar of Xom.
 14864 | D:8      | Found a shimmering altar of Xom.
 14867 | D:8      | Found a shimmering altar of Xom.
 14898 | D:8      | Noticed Erica
 14970 | D:8      | Killed Erica
 14971 | D:8      | Reached skill level 11 in Spellcasting
 15032 | D:8      | Noticed a guardian serpent
 15036 | D:8      | a guardian serpent changed into a queen bee
 15318 | D:8      | Noticed a cane toad
 15348 | D:8      | Noticed Maurice
 15380 | D:8      | Found a staircase to the Lair.
 15854 | D:8      | Killed Maurice
 15945 | D:8      | Noticed a shining eye
 15950 | D:8      | Noticed a sea snake
 15950 | D:8      | a snapping turtle changed into a sea snake
 16009 | D:8      | Learned a level 3 spell: Stone Arrow
 16176 | D:9      | Noticed a two-headed ogre
 16207 | D:9      | Killed a two-headed ogre
 16208 | D:9      | Reached XP level 11. HP: 47/47 MP: 24/27
 16255 | D:9      | Found a sparkling altar of Nemelex Xobeh.
 16328 | D:9      | Reached skill level 1 in Evocations
 16427 | D:9      | Noticed Maggie
 16463 | D:9      | Killed Maggie
 16705 | D:9      | Noticed Grum
 16723 | D:9      | Killed Grum
 17298 | D:9      | Found a staircase to the Orcish Mines.
 17307 | Orc:1    | Entered Level 1 of the Orcish Mines
 17320 | Orc:1    | Noticed Harold
 17403 | Orc:1    | Killed Harold
 17404 | Orc:1    | Reached skill level 5 in Dodging
 17404 | Orc:1    | Reached skill level 5 in Stealth
 17404 | Orc:1    | Reached skill level 5 in Translocations
 17818 | Orc:1    | Reached *** piety under Dithmenos
 17961 | Orc:1    | Killed from afar by an orc priest

Illustrated notes

Levels and vault maps discovered:
D:1:      psy_arrival_radial02, layout_loops_ring, serial_forest,
          infiniplex_forest_zigzag_1, infiniplex_forest_clump_diagonal,
          infiniplex_forest_lined_3, infiniplex_forest_lined_2,
          infiniplex_forest_clump_medium, infiniplex_forest_fountain,
          infiniplex_forest_clump_small, serial_shops, nicolae_lakefront_shop,
          minmay_misc_feat_alley
D:2:      cheibrodos_pilgrimage, layout_basic, basic_altar, uniq_robin
D:3:      layout_rooms, grunt_temple_overflow_cloverleaf,
          basic_ecumenical_altar, uniq_sigmund, uniq_grinder, uniq_ijyb,
          uniq_terence
D:4:      layout_basic, nicolae_yredelemnul_corpse_copse, uniq_natasha
D:5:      minmay_chambers_of_fours, layout_cave_pools, uniq_pikel
D:6:      kennysheep_steamy, layout_basic,
          nicolae_hepliaklqana_monster_ancestors, temple_doors_e, serial_shops,
          nicolae_inconvenience_store, corexii_item_surrounded_by_moat,
          serial_bayou_lagoon_a, guppyfry_shop_venom, uniq_duvessa
D:7:      layout_rooms, kennysheep_cross_room, lightli_church_of_beogh
D:8:      layout_cave_pods, xom_shifter_show, grunt_lair_entry_orc_guard_hut,
          wad_floor_pattern_untrapped, uniq_maurice, uniq_erica
D:9:      layout_basic, amcnicky_altar_gilded, orc_0_dummy, uniq_grum,
          uniq_maggie
Temple:   eino_temple_lava
Orc:1:    layout_caves, uniq_harold, uniq_josephine

Skill      XL: |  1  2  3  4  5  6  7  8  9 10 11 |
---------------+----------------------------------+-----
Spellcasting   | 3 5 6 7 8 10 11 | 11.9
Dodging        | 3 4 5 |  5.0
Transmutations | 2 3 4 5 6 8 9 |  9.3
Poison Magic   | 4 5 6 7 9 |  9.4
Air Magic      | 1 2 4 5 6 7 |  7.0
Stealth        | 4 5 |  5.2
Translocations | 3 5 |  5.1
Evocations     | 2 |  2.6
Fighting       | |  0.1
Unarmed Combat | |  0.1

Action                   |  1- 3 |  4- 6 |  7- 9 | 10-12 || total
-------------------------+-------+-------+-------+-------++-------
Melee: Unarmed           |    17 |       |       |       ||    17
       Staff             |       |       |       |     1 ||     1
 Cast: Sting             |    63 |    97 |   373 |   115 ||   648
       Poisonous Vapours |       |     5 |   140 |   196 ||   341
       Olgreb's Toxic Ra |       |       |       |     5 ||     5
       Blink             |       |       |       |     2 ||     2
  Use: Scroll            |     1 |     3 |     1 |     3 ||     8
       Potion            |       |     1 |     1 |     1 ||     3
 Stab: Sleeping          |       |       |       |     1 ||     1
Armor: Robe              |     1 |     1 |     9 |     3 ||    14
Dodge: Dodged            |    26 |    18 |    83 |    57 ||   184
